AoeStats
← 15546320089

Nomad

509599322Analyzed
4v4 RM · 5d ago on Sep 27, 2026· 65m 11s· 8 players
Game mode
Random Map
Map size
231×231
Population
200
Speed
Normal
Resources
Standard
Victory
Conquest
Starting age
Dark Age
Ending age
Imperial Age
RankedLock teamsTeams togetherTeam positionsShared explorationLock speedFull tech treeHidden civsTurbo modeCheats
Victory
Defeat
🇨🇳 Japanese · China
1080
+14
🇮🇪 Ethiopians · Ireland
1051
+15
🇨🇳 Aztecs · China
947
+19
🇺🇦 Tatars · Ukraine
946
+19
🇹🇼 Berbers · Taiwan
1089
-19
🇦🇷 Japanese · Argentina
1009
-16
🇨🇳 Italians · China
1000
-48
🇹🇼 Khmer · Taiwan
998
-16
死毛子才是好毛子
4:51 Loom
16:37 Feudal Age
21:49 Castle Age
29:29 Double-Bit Axe
30:33 Bow Saw
30:38 Fishing Lines
34:15 Wheelbarrow
33:26 Town Watch
34:44 Gillnets
35:36 Stone Mining
35:39 Gold Mining
37:07 Hand Cart
40:19 Gold Shaft Mining
45:03 Imperial Age
42:39 Scale Mail Armor
42:49 Forging
44:10 Murder Holes
44:27 Masonry
44:40 Ballistics
44:40 Chain Mail Armor
45:00 Iron Casting
44:16 Fletching
45:15 Elite Samurai
46:18 Conscription
46:44 Plate Mail Armor
46:01 Pikeman
46:43 Squires
46:05 Elite Skirmisher
48:13 Blast Furnace
47:09 Bodkin Arrow
47:16 Padded Archer Armor
48:53 Halberdier
51:42 Chemistry
50:49 Siege Engineers
52:11 Bracer
52:26 Leather Archer Armor
53:37 Hoardings
55:35 Ring Archer Armor
55:47 Kataparuto
a781001a
4:17 Loom
18:38 Feudal Age
18:42 Man-at-Arms
20:22 Arson
23:09 Scale Mail Armor
28:24 Castle Age
26:23 Double-Bit Axe
30:06 Scale Barding Armor
30:11 Forging
30:35 Bloodlines
32:08 Chain Barding Armor
33:57 Wheelbarrow
34:09 Bow Saw
35:55 Gold Mining
35:56 Stone Mining
36:02 Town Watch
40:13 Horse Collar
45:43 Heavy Plow
48:25 Imperial Age
47:39 Gold Shaft Mining
47:39 Stone Shaft Mining
49:40 Double Crossbow
50:05 Siege Engineers
50:21 Ballistics
51:54 Conscription
52:55 Husbandry
56:55 Crop Rotation
58:06 Elite Skirmisher
jasonpanex
4:25 Loom
16:14 Feudal Age
17:05 Double-Bit Axe
17:15 Gold Mining
17:37 Fishing Lines
24:52 Castle Age
24:42 Scale Barding Armor
24:47 Forging
25:40 Bloodlines
25:59 Chain Barding Armor
25:43 Husbandry
26:39 Gillnets
27:40 Medium Warships
32:27 Iron Casting
32:50 Wheelbarrow
33:41 Town Watch
34:12 Hand Cart
36:23 Ballistics
36:00 Fletching
40:43 Bodkin Arrow
40:48 Padded Archer Armor
41:04 Bow Saw
42:56 Town Patrol
42:45 Horse Collar
46:33 Imperial Age
44:21 Town Patrol
46:10 Kasbah
45:40 Light Cavalry
46:59 Leather Archer Armor
46:48 Murder Holes
47:38 Conscription
48:40 Chemistry
47:58 Elite Camel Archer
49:27 Bracer
49:57 Ring Archer Armor
50:08 Plate Barding Armor
50:34 Blast Furnace
50:29 Maghrebi Camels
50:01 Capped Ram
51:41 Hussar
55:57 Blast Furnace
55:25 Heavy Camel Rider
56:03 Cavalier
61:49 Hoardings
15546320089
6:24 Loom
q721372930
6:34 Loom
17:47 Feudal Age
22:57 Stone Mining
29:58 Double-Bit Axe
29:56 Horse Collar
32:49 Wheelbarrow
37:04 Castle Age
1mmr
6:34 Loom
15:25 Feudal Age
16:08 Double-Bit Axe
18:07 Horse Collar
20:57 Stone Mining
24:15 Castle Age
26:04 Bow Saw
25:55 Gold Mining
34:53 Imperial Age
33:01 Wheelbarrow
32:17 Town Watch
32:57 Ballistics
32:17 Treadmill Crane
32:36 Fletching
32:47 Padded Archer Armor
34:03 Bodkin Arrow
35:59 Hand Cart
35:52 Bracer
36:07 Leather Archer Armor
36:15 Conscription
38:04 Chemistry
38:30 Heavy Cavalry Archer
39:36 Husbandry
39:47 Bloodlines
40:53 Heavy Plow
43:55 Ring Archer Armor
43:32 Scale Barding Armor
43:37 Forging
43:33 Silk Armor
45:05 Siege Engineers
49:23 Crop Rotation
49:09 Masonry
49:10 Fortified Wall
48:57 Murder Holes
50:34 Light Cavalry
51:20 Elite Keshik
52:26 Chain Barding Armor
52:41 Iron Casting
53:11 Hussar
54:33 Plate Barding Armor
57:13 Blast Furnace
59:48 Timurid Siegecraft
64:10 Gold Shaft Mining
Rywendyre
4:48 Loom
17:00 Feudal Age
17:49 Horse Collar
18:01 Gold Mining
18:01 Double-Bit Axe
18:43 Fletching
19:02 Arson
27:22 Wheelbarrow
27:52 Stone Mining
33:18 Castle Age
32:43 Forging
31:58 Man-at-Arms
34:35 Gold Shaft Mining
34:39 Stone Shaft Mining
34:08 Heavy Plow
34:22 Bow Saw
34:22 Long Swordsman
34:48 Gambesons
35:03 Squires
37:26 Iron Casting
36:48 Pikeman
44:45 Scale Mail Armor
46:11 Eagle Warrior
47:18 Chain Mail Armor
52:34 Ballistics
57:17 Imperial Age
59:04 Plate Mail Armor
59:37 Conscription
60:07 Hand Cart
63:42 Elite Eagle Warrior
65:32 Blast Furnace
林海
5:41 Loom
14:33 Feudal Age
15:14 Fishing Lines
18:17 Castle Age
17:02 Stone Mining
17:16 Double-Bit Axe
19:48 Bow Saw
19:40 Fletching
21:17 Gold Mining
22:22 Gillnets
23:30 Gold Shaft Mining
23:07 Bodkin Arrow
25:38 Wheelbarrow
27:36 Horse Collar
32:58 Heavy Plow
36:43 Imperial Age
34:59 Padded Archer Armor
35:26 Husbandry
35:36 Bloodlines
37:14 Leather Archer Armor
38:12 Ballistics
38:53 Chemistry
38:20 Parthian Tactics
37:16 Heavy Cavalry Archer
39:09 Ring Archer Armor
38:40 Bracer
41:21 Thumb Ring
43:07 Scale Mail Armor
43:18 Forging
46:49 Chain Mail Armor
47:10 Iron Casting
45:57 Elite Samurai
47:59 Capped Ram
48:48 Siege Engineers
49:30 Plate Mail Armor
50:00 Blast Furnace
60:23 Light Cavalry
61:44 Scale Barding Armor
62:59 Chain Barding Armor
63:18 Conscription
Connection lost

Rejoining the realm…

Still unreachable

The connection could not be restored.

Session expired

The server has moved on; the page needs a fresh start.